 Dungeon Crawl Stone Soup version 0.22.1-2-g9c5b331 (webtiles) character file.

6395 Matador8 the Basher (level 10, -5/80 HPs)
             Began as a Centaur Hunter on Dec 18, 2018.
             Was an Elder of Dithmenos.
             Slain by a hornet (10 damage)
             ... on level 9 of the Dungeon.
             The game lasted 01:32:28 (14471 turns).

Matador8 the Basher (Centaur Hunter)               Turns: 14471, Time: 01:32:28

Health: -5/80      AC: 11    Str: 18    XL:     10   Next: 66%
Magic:  10/10      EV: 10    Int: 10    God:    Dithmenos [****..]
Gold:   310        SH:  0    Dex: 10    Spells: 9/9 levels left

rFire    . . .     SeeInvis .   b - +1 whip (elec)
rCold    + . .     Gourm    .   (no shield)
rNeg     . . .     Faith    .   P - +2 chain mail {rC+}
rPois    +         Spirit   .   G - +2 hat
rElec    .         Reflect  .   (no cloak)
rCorr    .         Harm     .   (no gloves)
MR       .....                  (no barding)
Stlth    ..........             (no amulet)
HPRegen  0.23/turn              l - ring of poison resistance
MPRegen  0.12/turn              C - +5 ring of evasion

@: wreathed by umbra, very quick
A: large, hooves 3, deformed body, speed 2, tough skin 3
a: Shadow Step, Renounce Religion


You were on level 9 of the Dungeon.
You worshipped Dithmenos.
Dithmenos was greatly pleased with you.
You were not hungry.

You visited 2 branches of the dungeon, and saw 10 of its levels.

You collected 510 gold pieces.
You spent 200 gold pieces at shops.

Inventory:

Hand Weapons
 a - a +1 shortbow
 b - a +1 whip of electrocution (weapon)
 u - a +0 antimagic dagger
 v - a +2 short sword of flaming
 x - a +0 blowgun
 J - a +0 flail of holy wrath
Missiles
 k - 4 javelins (quivered)
 w - 13 poisoned needles
 M - 55 arrows
 Y - 4 poisoned tomahawks
Armour
 c - a +0 leather armour
 g - a +0 ring mail
 G - a +2 hat (worn)
 P - a +2 chain mail of cold resistance (worn)
 W - a +0 scale mail of poison resistance
Jewellery
 l - a ring of poison resistance (left hand)
 r - an uncursed amulet of the gourmand
 t - an uncursed ring of see invisible
 C - a +5 ring of evasion (right hand)
 U - a +5 ring of strength
Wands
 q - a wand of flame (22)
 B - a wand of random effects (23)
 K - a wand of polymorph (20)
 T - a wand of digging (7)
 X - a wand of disintegration (12)
Scrolls
 i - 7 scrolls of identify
 j - 3 scrolls of remove curse
 m - 4 scrolls of noise {unknown}
 p - 5 scrolls of teleportation
 s - 2 scrolls of fog {unknown}
 y - 2 scrolls of immolation {unknown}
 A - 2 scrolls of random uselessness {unknown}
 L - 2 scrolls of enchant armour {unknown}
 N - a scroll of magic mapping {unknown}
 Q - a scroll of blinking {unknown}
 V - a scroll of fear {unknown}
Potions
 d - a potion of curing
 e - 2 potions of haste {unknown}
 h - a potion of berserk rage {unknown}
 n - 2 potions of heal wounds {unknown}
 o - 2 potions of flight {unknown}
 z - a potion of invisibility {unknown}
 D - a potion of mutation {unknown}
 E - a potion of lignification {unknown}
 F - a potion of cancellation {unknown}
 H - a potion of agility {unknown}
 I - a potion of magic {unknown}
 O - 2 potions of brilliance {unknown}
 R - 2 potions of might {unknown}
Comestibles
 f - 18 rations


   Skills:
 + Level 4.7 Fighting
 - Level 3.1 Short Blades
 - Level 12.0 Maces & Flails
 * Level 10.8 Bows
 - Level 1.3 Dodging
 - Level 0.4 Stealth


You had 9 spell levels left.
You didn't know any spells.
Your spell library contained the following spells:

 Spells                   Type           Power        Failure   Level  Hunger
 Beastly Appendage        Tmut           #.....       99%         1    ##.....
 Corona                   Hex            #......      99%         1    ##.....
 Flame Tongue             Conj/Fire      #....        99%         1    ##.....
 Shock                    Conj/Air       #...         99%         1    ##.....
 Slow                     Hex            #.......     100%        2    ###....
 Sticks to Snakes         Tmut           #.......     100%        2    ###....
 Swiftness                Chrm/Air       #.......     100%        2    ###....
 Throw Flame              Conj/Fire      #.....       100%        2    ###....
 Conjure Flame            Conj/Fire      #.......     100%        3    ####...
 Inner Flame              Hex/Fire       #.......     100%        3    ####...
 Portal Projectile        Hex/Tloc       #.....       100%        3    ####...
 Spider Form              Tmut/Pois      #.........   100%        3    ####...
 Static Discharge         Conj/Air       #.......     100%        3    ####...
 Airstrike                Air            #.........   100%        4    #####..
 Cause Fear               Hex            #.........   100%        4    #####..
 Ice Form                 Ice/Tmut       #.......     100%        4    #####..
 Leda's Liquefaction      Hex/Erth       #.........   100%        4    #####..
 Sticky Flame             Conj/Fire      #.......     100%        4    #####..
 Blade Hands              Tmut           #.........   100%        5    ######.
 Fireball                 Conj/Fire      #.........   100%        5    ######.
 Lightning Bolt           Conj/Air       #.........   100%        5    ######.


Dungeon Overview and Level Annotations

Branches:
Dungeon (9/15)             Temple (1/1) D:4
   Lair: D:8-11         Orc: D:9-12

Altars:
Ashenzari
Cheibriados
Dithmenos
Elyvilon
Fedhas
Gozag
Hepliaklqana
Kikubaaqudgha
Makhleb
Nemelex Xobeh
Okawaru
Qazlal
Ru
Sif Muna
Trog
Uskayaw
Vehumet
Wu Jian
Xom
Yredelemnul
Zin
The Shining One

Shops:
D:4 =   D:7 [

Annotations:
D:4 exclusion: oklob plant


Innate Abilities, Weirdness & Mutations

You have hooves in place of feet.
Armour fits poorly on your strangely shaped body.
You cover ground very quickly.
You have extremely tough skin. (AC +3)


Message History

* * * LOW HITPOINT WARNING * * *
You feel yourself slow down.
You barely miss the hornet. Your kick misses the hornet.
The hornet is moderately wounded.
The hornet stings you.
* * * LOW HITPOINT WARNING * * *
You hit the hornet. You kick the hornet.
The hornet is moderately wounded.
The hornet barely misses you. The hornet stings you.
* * * LOW HITPOINT WARNING * * *
You miss the hornet.
The hornet is moderately wounded.
You feel yourself speed up. The hornet barely misses you.
You miss the hornet. You kick the hornet!
The hornet is severely wounded.
You closely miss the hornet. Your kick misses the hornet.
The hornet is severely wounded.
The hornet stings you!
You die...

..#...................<..### ##'
..#......................# #..
..'......................# #..
#'#..........#####.......# #..
.............#[!:#.......# #..
....[..#+##..#[:[#..#....# #..
...#####.....#%%[#..#>...#######.
...'.........#####..#..........#.
...#...........y@[..+..........#.
####..####'...[.)...#.....#######
..##..##...##[..##..#.)####.#.#.#
...#............#...#.(# #.#.##
...#............'...#..# #.#..
...#............#...#..### #.#.##
########.####.#######....########
..######.####.#########..........
...[.#....#......(....'......)...


You could see a hornet.

Vanquished Creatures
  Pikel (D:5)
  3 hornets
  2 hippogriffs
  A soldier ant (D:9)
  Menkaure (D:6)
  A water moccasin (D:9)
  Duvessa (D:6)
  A black bear (D:8)
  4 orc warriors
  3 phantoms
  A sky beast (D:9)
  A slave (D:5)
  3 ogres
  2 centaurs
  3 bullfrogs
  A gnoll sergeant (D:5)
  3 scorpions
  10 killer bees
  13 wights
  3 howler monkeys
  2 bullfrog zombies
  4 crimson imps
  4 hounds
  2 bullfrog skeletons
  9 orc priests
  A centaur skeleton (D:7)
  6 jellies
  6 orc wizards
  4 iguanas
  Terence (D:3)
  7 worker ants
  2 killer bee zombies
  3 hound skeletons
  2 worker ant zombies (D:9)
  7 gnolls
  15 adders
  3 shadow imps
  An adder zombie (D:7)
  An adder skeleton (D:4)
  7 worms
  3 dart slugs
  6 leopard geckos
  46 orcs
  4 bats
  2 bat zombies (D:7)
  2 giant cockroaches
  9 goblins
  8 hobgoblins
  12 jackals
  7 quokkas
  9 frilled lizards
  12 kobolds
  A quokka skeleton (D:6)
  2 quokka zombies
  4 rats
  A rat zombie (D:7)
273 creatures vanquished.

Vanquished Creatures (others)
  Dowan (D:6)
  A crimson imp (D:6)
  A hound zombie (D:6)
  An adder (D:6)
  16 toadstools (D:4)
20 creatures vanquished.

Grand Total: 293 creatures vanquished

Notes
Turn   | Place    | Note
-------+----------+-------------------------------------------
     0 | D:1      | Matador8 the Centaur Hunter began the quest for the Orb.
     0 | D:1      | Reached XP level 1. HP: 17/17 MP: 1/1
   310 | D:1      | Reached XP level 2. HP: 24/24 MP: 2/2
   414 | D:1      | You fall through a shaft!
   441 | D:1      | Reached skill level 1 in Short Blades
  1061 | D:2      | Reached XP level 3. HP: 25/29 MP: 3/3
  1793 | D:2      | Reached XP level 4. HP: 36/36 MP: 4/4
  2345 | D:3      | Noticed Terence
  2394 | D:3      | Killed Terence
  2706 | D:3      | Reached XP level 5. HP: 35/41 MP: 5/5
  3057 | D:3      | Reached skill level 1 in Maces & Flails
  4053 | D:4      | Reached skill level 2 in Maces & Flails
  4053 | D:4      | Reached XP level 6. HP: 35/48 MP: 6/6
  4607 | D:4      | Reached skill level 3 in Maces & Flails
  4767 | D:4      | Found a staircase to the Ecumenical Temple.
  4826 | Temple   | Entered the Ecumenical Temple
  4965 | Temple   | Became a worshipper of Dithmenos the Shadowed
  5174 | D:4      | Found Optuoh's Jewellery Shoppe.
  5182 | D:4      | Bought an uncursed ring of poison resistance for 200 gold
                  | pieces
  5311 | D:4      | Reached XP level 7. HP: 48/55 MP: 7/7
  5334 | D:4      | Reached skill level 4 in Maces & Flails
  5385 | D:4      | Found a blossoming altar of Fedhas.
  5407 | D:4      | Noticed an oklob plant
  5642 | D:5      | Entered Level 5 of the Dungeon
  5947 | D:5      | Reached skill level 5 in Maces & Flails
  6646 | D:5      | Reached skill level 6 in Maces & Flails
  6654 | D:5      | Reached * piety under Dithmenos
  6892 | D:5      | Reached XP level 8. HP: 47/61 MP: 8/8
  7116 | D:6      | Noticed Pikel
  7388 | D:5      | Killed Pikel
  7388 | D:5      | Reached skill level 8 in Maces & Flails
  7518 | D:6      | Found a snail-covered altar of Cheibriados.
  7548 | D:6      | Noticed Menkaure
  7550 | D:6      | Killed Menkaure
  7665 | D:6      | Reached skill level 9 in Maces & Flails
  7712 | D:6      | Killed Dowan
  7753 | D:6      | Reached XP level 9. HP: 50/67 MP: 9/9
  7835 | D:6      | Noticed Duvessa
  7892 | D:6      | Killed Duvessa
  8106 | D:6      | Reached ** piety under Dithmenos
  8680 | D:7      | Reached skill level 10 in Maces & Flails
  8944 | D:7      | Found an ancient bone altar of Kikubaaqudgha.
  9065 | D:7      | Found Cuup's Armour Shoppe.
  9411 | D:8      | Reached skill level 11 in Maces & Flails
  9424 | D:8      | Reached *** piety under Dithmenos
 10780 | D:7      | Reached XP level 10. HP: 23/73 MP: 10/10
 11683 | D:8      | Reached skill level 12 in Maces & Flails
 11718 | D:8      | HP: 1/73 [orc warrior/stone (11)]
 12193 | D:8      | Found an iron altar of Okawaru.
 13224 | D:9      | Paralysed by a hornet for 1 turns
 13468 | D:9      | Reached **** piety under Dithmenos
 14108 | D:9      | Reached skill level 10 in Bows
 14419 | D:9      | Paralysed by a hornet for 2 turns
 14471 | D:9      | Slain by a hornet

Skill      XL: |  1  2  3  4  5  6  7  8  9 10 |
---------------+-------------------------------+-----
Bows           | 6 7 8 10 | 10.8
Short Blades   | 1 2 3 |  3.1
Maces & Flails | 2 3 6 9 11 12 | 12.0
Fighting       | 4 |  4.7
Dodging        | |  1.3
Stealth        | |  0.4

Action                   |  1- 3 |  4- 6 |  7- 9 | 10-12 || total
-------------------------+-------+-------+-------+-------++-------
Melee: Short sword       |   108 |   130 |       |       ||   238
       Kick              |    15 |    28 |    99 |    58 ||   200
       Whip              |       |    38 |   516 |   202 ||   756
 Fire: Shortbow          |    13 |    54 |   101 |    93 ||   261
Throw: Javelin           |       |     2 |     1 |       ||     3
Invok: Shadow Step       |       |       |       |     1 ||     1
  Use: Scroll            |       |     3 |       |     1 ||     4
       Potion            |       |       |       |     1 ||     1
  Eat: Chunk             |     2 |     8 |    22 |     6 ||    38
Armor: Leather armour    |    38 |       |       |       ||    38
       Chain mail        |       |    69 |   185 |    53 ||   307
Dodge: Dodged            |    43 |    33 |   275 |    77 ||   428
